Inferno vs Tamiflu

Created - 6 mars 2013 at 21:15

Goals
1 2 3 T
Inferno 1 5 1 7
Tamiflu 0 2 0 2
Shots
1 2 3 T
Inferno 6 11 8 25
Tamiflu 8 9 18 35

1st period

1. Inferno , Mikhail Grabovski 29 (Matt Smaby) at 16:33

Penalties :
Mike Brown (Det) for Holding (Minor) at 16:50

2nd period

2. Inferno , Mikhail Grabovski 30 (Branko Radivojevic, Matt Smaby) at 1:31
3. Inferno , Jay Pandolfo 18 (Branko Radivojevic, Matt Smaby) at 1:43
4. Inferno , Brian Boyle 11 (Andrej Sekera, Jonathan Ferland) at 2:43
5. Inferno , Stephane Veilleux 11 (Jonathan Ferland) at 3:43
6. Tamiflu , Nate Thompson 24 (Mike Brown) at 5:44 (PP)
7. Inferno , Vladimir Sobotka 6 (Matt Kassian, Andrej Sekera) at 14:20
8. Tamiflu , Greg Mauldin 7 (Pierre Dagenais) at 15:33

Penalties :
Brad Marchand (Anc) for Holding (Minor) at 5:40, Petr Pohl (Det) for Hooking (Minor) at 6:07, Derek Meech (Anc) for Hooking (Minor) at 10:05, Brian Boyle (Anc) for Hooking (Minor) at 19:01

3rd period

9. Inferno , Andrej Sekera 4 (Brian Boyle, Jonathan Ferland) at 13:31 (PP)

Penalties :
Pavel Trnka (Det) for Fighting (Major) at 8:00, Branko Radivojevic (Anc) for Fighting (Major) at 8:00, Kyle Lawson (Det) for High sticking (Minor) at 11:32, Nate Thompson (Det) for Hooking (Minor) at 16:28

Goalie Stats

Josh Harding (Anc), 33 saves from 35 shots - (0,943), W, 13-12-4, 60:00 minutes
Corey Crawford (Det), 7 saves from 11 shots - (0,636), L, 13-12-3, 22:43 minutes
Jussi Markkanen (Det), 11 saves from 14 shots - (0,786), 37:17 minutes

Players Stats for Inferno

Player Name              G  A  P  +/- PIM S  H  SB GA TA FO     MP     PP MP  PK MP  
------------------------------------------------------------------------------------
Alex Berry               0  0  0   0  0   0  1  0  0  0  0/0     9:47   0:20   0:00 
Andrej Sekera            1  2  3   2  0   3  2  3  1  0  0/0    22:43   3:35   1:26 
Brad Marchand            0  0  0   0  2   1  2  1  0  1  0/1    15:51   3:59   0:29 
Branko Radivojevic       0  2  2   3  5   4  2  0  3  1  2/8    20:07   3:14   2:10 
Brendan Mikkelson        0  0  0   2  0   0  1  0  0  0  0/0    11:30   0:00   0:40 
Brendan Smith            0  0  0   2  0   0  1  0  0  1  0/0    14:38   3:35   0:00 
Brian Boyle              1  1  2   2  2   4  0  0  1  0  6/13   17:09   3:34   1:12 
Derek Meech              0  0  0   1  2   0  1  1  0  1  0/0    20:27   0:00   1:17 
Jay Pandolfo             1  0  1   3  0   1  0  1  1  1  2/2    22:12   3:34   2:45 
Jonathan Ferland         0  3  3   2  0   0  2  1  0  0  0/0    16:33   3:34   0:24 
Matt Carkner             0  0  0   0  0   0  1  2  0  2  0/0    22:09   4:21   2:05 
Matt Kassian             0  1  1   0  0   1  0  1  0  0  0/1     9:44   0:20   0:00 
Matt Smaby               0  3  3   3  0   3  0  6  0  2  0/0    28:37   4:21   2:36 
Mikhail Grabovski        2  0  2   3  0   4  1  1  3  0  17/32  20:45   4:02   1:04 
Petri Kontiola           0  0  0   0  0   2  2  0  0  0  5/7    10:30   0:00   0:00 
Stephane Veilleux        1  0  1   2  0   1  0  0  1  0  0/1    13:28   1:11   0:00 
Vladimir Sobotka         1  0  1   0  0   1  1  0  2  0  0/1     9:14   0:00   0:00 
Vladimir Zharkov         0  0  0   0  0   0  1  0  1  0  0/0    10:30   0:00   0:00 

Players Stats for Tamiflu

Player Name              G  A  P  +/- PIM S  H  SB GA TA FO     MP     PP MP  PK MP  
------------------------------------------------------------------------------------
Alex Picard              0  0  0  -4  0   0  2  0  0  0  0/0    23:54   2:39   4:06 
Carson Mcmillan          0  0  0  -1  0   2  1  0  0  0  0/0    10:09   0:00   2:27 
Freddy Meyer             0  0  0  -4  0   1  1  0  0  2  0/0    21:44   1:16   4:54 
Greg Mauldin             1  0  1   1  0   2  0  1  0  0  3/3    11:55   0:00   0:51 
Jan Mursak               0  0  0  -1  0   0  1  0  0  0  2/2     7:09   0:00   0:00 
Jani Rita                0  0  0  -1  0   1  2  0  0  0  0/0    14:40   1:23   1:06 
Jonathan Sigalet         0  0  0  -1  0   2  2  2  0  1  0/0    27:17   2:46   3:02 
Jordan Hendry            0  0  0  -4  0   0  0  1  0  3  0/0    20:40   1:16   3:13 
Kyle Lawson              0  0  0   0  2   0  0  0  0  1  0/0    10:58   0:00   0:00 
Mike Brown               0  1  1  -4  2   6  4  1  2  1  0/3    20:05   2:39   0:00 
Nate Thompson            1  0  1  -4  2   7  4  3  4  1  19/37  22:07   2:39   1:51 
Nathan Oystrick          0  0  0   0  0   2  1  0  0  1  0/0    13:37   0:00   0:39 
Nick Spaling             0  0  0   1  0   3  0  0  0  1  0/0    11:04   0:00   0:00 
Pavel Trnka              0  0  0  -1  5   1  0  3  0  0  0/0    25:40   2:46   4:06 
Petr Pohl                0  0  0  -1  2   1  0  1  0  0  0/2    13:33   1:23   0:00 
Pierre Dagenais          0  1  1   1  0   3  0  0  1  0  0/1    12:45   0:00   1:38 
Radek Bonk               0  0  0  -1  0   4  1  2  2  2  9/17   17:52   1:23   4:10 
Tyler Haskins            0  0  0  -1  0   0  1  0  0  0  1/1     7:09   0:00   0:00 

3 Stars

1 - Mikhail Grabovski (Anc)
2 - Andrej Sekera (Anc)
3 - Matt Smaby (Anc)

Power Play

Inferno - 1 on 4 Attempt(s) - 25,00%
Tamiflu - 1 on 3 Attempt(s) - 33,33%

Penalty Kill

Inferno - 2 on 3 Attempt(s) - 66,67% - Score 0 goal in Penalty Kill
Tamiflu - 3 on 4 Attempt(s) - 75,00% - Score 0 goal in Penalty Kill

Official

Referees : Morton Dean and McCauley Wes
Linesman : Jonny Murray and Tony Sericolo

Game Notes

2:43 of 2nd period - Inferno goal is going for a video replay. After video review, Goal.
Jussi Markkanen enters game at 2:43 of 2nd period
Pavel Trnka beats up Branko Radivojevic at 8:00 of 3rd period

Inferno

5 vs 5 Forward 
   Center                   Left Wing                Right Wing               Time % Phy DF OF 
 1 Mikhail Grabovski        Jay Pandolfo             Branko Radivojevic       40     1   2  2  
 2 Brian Boyle              Stephane Veilleux        Jonathan Ferland         30     1   2  2  
 3 Petri Kontiola           Brad Marchand            Vladimir Zharkov         20     1   2  2  
 4 Vladimir Sobotka         Matt Kassian             Alex Berry               10     1   2  2  

5 vs 5 Defense 
   Defense                  Defense                                           Time % Phy DF OF 
 1 Derek Meech              Matt Smaby                                        40     1   2  2  
 2 Andrej Sekera            Matt Carkner                                      30     1   2  2  
 3 Brendan Mikkelson        Brendan Smith                                     20     1   2  2  
 4 Andrej Sekera            Matt Smaby                                        10     1   2  2  

PowerPlay Forward 
   Center                   Left Wing                Right Wing               Time % Phy DF OF 
 1 Mikhail Grabovski        Brad Marchand            Branko Radivojevic       60     1   2  2  
 2 Brian Boyle              Jay Pandolfo             Jonathan Ferland         40     1   2  2  

PowerPlay Defense
   Defense                  Defense                                           Time % Phy DF OF 
 1 Matt Carkner             Matt Smaby                                        60     1   2  2  
 2 Andrej Sekera            Brendan Smith                                     40     1   2  2  

Penalty Kill 4 Players Forward 
   Center                   Wing                     Time % Phy DF OF 
 1 Brian Boyle              Jay Pandolfo             60     1   2  2  
 2 Mikhail Grabovski        Jonathan Ferland         40     1   2  2  

Penalty Kill 4 Players Defense
   Defense                  Defense                  Time % Phy DF OF 
 1 Derek Meech              Matt Smaby               60     1   2  2  
 2 Andrej Sekera            Matt Carkner             40     1   2  2  

Penalty Kill - 3 Players Forward 
   Forward                                           Time % Phy DF OF 
 1 Brian Boyle                                       60     1   2  2  
 2 Jay Pandolfo                                      40     1   2  2  

Penalty Kill - 3 Players Defense
   Defense                  Defense                  Time % Phy DF OF 
 1 Derek Meech              Matt Smaby               60     1   2  2  
 2 Andrej Sekera            Matt Carkner             40     1   2  2  

4 vs 4 Forward 
   Center                   Wing                     Time % Phy DF OF 
 1 Mikhail Grabovski        Branko Radivojevic       60     1   2  2  
 2 Brian Boyle              Jay Pandolfo             40     1   2  2  

4 vs 4 Defense
   Defense                  Defense                  Time % Phy DF OF 
 1 Derek Meech              Matt Smaby               60     1   2  2  
 2 Andrej Sekera            Brendan Smith            40     1   2  2  

Last Minutes Offensive
   Center                   Left Wing                Right Wing               Defense                  Defense                  
   Mikhail Grabovski        Jay Pandolfo             Branko Radivojevic       Derek Meech              Matt Smaby               

Last Minutes Defensive
   Center                   Left Wing                Right Wing               Defense                  Defense                  
   Mikhail Grabovski        Jay Pandolfo             Branko Radivojevic       Derek Meech              Matt Smaby               

Goaltenders
Starting : Josh Harding             
Backup : Jonathan Boutin          

Extra Forwards
Normal : Brad Marchand, Jonathan Ferland, Stephane Veilleux - PP : Brad Marchand, Stephane Veilleux - PK : Branko Radivojevic
Extra Defensemen
Normal : Derek Meech, Andrej Sekera, Brendan Smith - PP : Brendan Smith - PK : Matt Carkner, Brendan Mikkelson
Penalty Shots
Brad Marchand, Mikhail Grabovski, Jay Pandolfo, Branko Radivojevic, Matt Smaby

Tamiflu

5 vs 5 Forward 
   Center                   Left Wing                Right Wing               Time % Phy DF OF 
 1 Nate Thompson            Alex Picard              Mike Brown               40     0   1  4  
 2 Radek Bonk               Jani Rita                Petr Pohl                30     0   1  4  
 3 Greg Mauldin             Nick Spaling             Pierre Dagenais          20     0   2  3  
 4 Tyler Haskins            Jan Mursak               Carson Mcmillan          10     0   3  2  

5 vs 5 Defense 
   Defense                  Defense                                           Time % Phy DF OF 
 1 Jonathan Sigalet         Pavel Trnka                                       40     0   2  3  
 2 Freddy Meyer             Jordan Hendry                                     30     0   2  3  
 3 Nathan Oystrick          Kyle Lawson                                       20     0   3  2  
 4 Jonathan Sigalet         Pavel Trnka                                       10     0   2  3  

PowerPlay Forward 
   Center                   Left Wing                Right Wing               Time % Phy DF OF 
 1 Nate Thompson            Alex Picard              Mike Brown               60     0   1  4  
 2 Radek Bonk               Jani Rita                Petr Pohl                40     0   1  4  

PowerPlay Defense
   Defense                  Defense                                           Time % Phy DF OF 
 1 Jonathan Sigalet         Pavel Trnka                                       60     0   2  3  
 2 Freddy Meyer             Jordan Hendry                                     40     0   2  3  

Penalty Kill 4 Players Forward 
   Center                   Wing                     Time % Phy DF OF 
 1 Radek Bonk               Alex Picard              60     0   4  1  
 2 Nate Thompson            Carson Mcmillan          40     0   4  1  

Penalty Kill 4 Players Defense
   Defense                  Defense                  Time % Phy DF OF 
 1 Freddy Meyer             Pavel Trnka              60     0   4  1  
 2 Jonathan Sigalet         Jordan Hendry            40     0   4  1  

Penalty Kill - 3 Players Forward 
   Forward                                           Time % Phy DF OF 
 1 Radek Bonk                                        60     0   4  1  
 2 Nate Thompson                                     40     0   4  1  

Penalty Kill - 3 Players Defense
   Defense                  Defense                  Time % Phy DF OF 
 1 Freddy Meyer             Pavel Trnka              60     0   4  1  
 2 Jonathan Sigalet         Jordan Hendry            40     0   4  1  

4 vs 4 Forward 
   Center                   Wing                     Time % Phy DF OF 
 1 Nate Thompson            Alex Picard              60     0   2  3  
 2 Radek Bonk               Petr Pohl                40     0   2  3  

4 vs 4 Defense
   Defense                  Defense                  Time % Phy DF OF 
 1 Jonathan Sigalet         Pavel Trnka              60     0   2  3  
 2 Freddy Meyer             Jordan Hendry            40     0   2  3  

Last Minutes Offensive
   Center                   Left Wing                Right Wing               Defense                  Defense                  
   Nate Thompson            Alex Picard              Mike Brown               Jonathan Sigalet         Pavel Trnka              

Last Minutes Defensive
   Center                   Left Wing                Right Wing               Defense                  Defense                  
   Radek Bonk               Alex Picard              Carson Mcmillan          Freddy Meyer             Pavel Trnka              

Goaltenders
Starting : Corey Crawford           
Backup : Jussi Markkanen          

Extra Forwards
Normal : Greg Mauldin, Tyler Haskins, Pierre Dagenais - PP : Pierre Dagenais, Greg Mauldin - PK : Pierre Dagenais
Extra Defensemen
Normal : Jordan Hendry, Nathan Oystrick, Pavel Trnka - PP : Nathan Oystrick - PK : Nathan Oystrick, Jordan Hendry
Penalty Shots
Radek Bonk, Pierre Dagenais, Alex Picard, Jani Rita, Greg Mauldin

% Time on Ice - Inferno

Lines # - Real PCT - Wanted PCT - Time Play
Normal Forward
1 - 34% - 40% - 16:19
2 - 25% - 30% - 11:59
3 - 22% - 20% - 10:30
4 - 19% - 10% - 9:14
Normal Defense
1 - 41% - 40% - 19:36
2 - 32% - 30% - 15:28
3 - 22% - 20% - 10:45
4 - 5% - 10% - 2:13
PP Forward
1 - 55% - 60% - 4:22
2 - 45% - 40% - 3:34
PP Defense
1 - 55% - 60% - 4:21
2 - 45% - 40% - 3:35
PK Forward
1 - 90% - 60% - 3:38
2 - 10% - 40% - 0:24
PK Defense
1 - 64% - 60% - 2:36
2 - 36% - 40% - 1:26
PK3 Forward
1 - 0% - 60%
2 - 0% - 40%
PK3 Defense
1 - 0% - 60%
2 - 0% - 40%
44 Forward
1 - 0% - 60%
2 - 0% - 40%
44 Defense
1 - 0% - 60%
2 - 0% - 40%
Last Minute Offensive  - 0:00
Last Minute Defensive  - 0:00
Total
Forward - 60:00
Defense - 60:00

% Time on Ice - Tamiflu

Lines # - Real PCT - Wanted PCT - Time Play
Normal Forward
1 - 36% - 40% - 17:08
2 - 26% - 30% - 12:41
3 - 23% - 20% - 11:04
4 - 15% - 10% - 7:09
Normal Defense
1 - 39% - 40% - 18:56
2 - 33% - 30% - 15:51
3 - 23% - 20% - 10:55
4 - 5% - 10% - 2:20
PP Forward
1 - 66% - 60% - 2:39
2 - 34% - 40% - 1:23
PP Defense
1 - 69% - 60% - 2:46
2 - 31% - 40% - 1:16
PK Forward
1 - 69% - 60% - 5:29
2 - 31% - 40% - 2:27
PK Defense
1 - 70% - 60% - 5:33
2 - 30% - 40% - 2:23
PK3 Forward
1 - 0% - 60%
2 - 0% - 40%
PK3 Defense
1 - 0% - 60%
2 - 0% - 40%
44 Forward
1 - 0% - 60%
2 - 0% - 40%
44 Defense
1 - 0% - 60%
2 - 0% - 40%
Last Minute Offensive  - 0:00
Last Minute Defensive  - 0:00
Total
Forward - 60:00
Defense - 60:00

Play by Play

1st period


0:01 of 1st period - Nate Thompson wins face-off versus Mikhail Grabovski in neutral zone.
0:35 of 1st period - Snap shot by Radek Bonk.
0:35 of 1st period - Shot Blocked by Jonathan Ferland.
0:37 of 1st period - Slapshot by Pavel Trnka.
0:37 of 1st period - Stopped by Josh Harding with a rebound.
0:44 of 1st period - Icing by Jonathan Ferland.
0:45 of 1st period - Greg Mauldin wins face-off versus Brian Boyle in Inferno zone.
0:58 of 1st period - Snap shot by Pierre Dagenais.
0:58 of 1st period - Shot Misses the Net.
1:00 of 1st period - Wrist shot by Nick Spaling.
1:00 of 1st period - Shot Misses the Net.
1:22 of 1st period - Snap shot by Mike Brown.
1:22 of 1st period - Stopped by Josh Harding with a rebound.
1:40 of 1st period - Snap shot by Jani Rita.
1:40 of 1st period - Shot Blocked by Matt Smaby.
2:14 of 1st period - Slapshot by Andrej Sekera.
2:14 of 1st period - Stopped by Corey Crawford with a rebound.
2:23 of 1st period - Off-side.
2:24 of 1st period - Mikhail Grabovski wins face-off versus Nate Thompson in neutral zone.
2:29 of 1st period - Snap shot by Mikhail Grabovski.
2:29 of 1st period - Shot Misses the Net.
2:49 of 1st period - Jonathan Sigalet is hit by Brad Marchand and loses puck.
2:54 of 1st period - Wrist shot by Petri Kontiola.
2:54 of 1st period - Shot Blocked by Radek Bonk.
3:18 of 1st period - Wrist shot by Greg Mauldin.
3:18 of 1st period - Shot Blocked by Matt Carkner.
4:03 of 1st period - Pavel Trnka is hit by Matt Carkner.
5:24 of 1st period - Tyler Haskins is hit by Brendan Smith and loses puck.
5:39 of 1st period - Slapshot by Carson Mcmillan.
5:39 of 1st period - Stopped by Josh Harding without a rebound.
5:40 of 1st period - Mikhail Grabovski wins face-off versus Nate Thompson in Inferno zone.
5:40 of 1st period - Mikhail Grabovski is hit by Mike Brown.
5:59 of 1st period - Branko Radivojevic is hit by Alex Picard and loses puck.
6:44 of 1st period - Derek Meech is hit by Mike Brown and loses puck.
7:15 of 1st period - Wrist shot by Mikhail Grabovski.
7:15 of 1st period - Stopped by Corey Crawford without a rebound.
7:16 of 1st period - Radek Bonk wins face-off versus Brad Marchand in Tamiflu zone.
7:27 of 1st period - Wrist shot by Petri Kontiola.
7:27 of 1st period - Stopped by Corey Crawford with a rebound.
7:41 of 1st period - Snap shot by Carson Mcmillan.
7:41 of 1st period - Stopped by Josh Harding without a rebound.
7:42 of 1st period - Jan Mursak wins face-off versus Brian Boyle in Inferno zone.
7:58 of 1st period - Off-side.
7:59 of 1st period - Petri Kontiola wins face-off versus Radek Bonk in neutral zone.
8:02 of 1st period - Pavel Trnka is hit by Brad Marchand and loses puck.
8:48 of 1st period - Wrist shot by Tyler Haskins.
8:48 of 1st period - Shot Misses the Net.
10:29 of 1st period - Stephane Veilleux is hit by Nate Thompson and loses puck.
12:16 of 1st period - Off-side.
12:17 of 1st period - Mikhail Grabovski wins face-off versus Petr Pohl in neutral zone.
12:20 of 1st period - Slapshot by Matt Smaby.
12:20 of 1st period - Shot Misses the Net.
12:28 of 1st period - Derek Meech is hit by Jonathan Sigalet and loses puck.
12:43 of 1st period - Matt Smaby is hit by Tyler Haskins.
12:55 of 1st period - Backhand shot by Mikhail Grabovski.
12:55 of 1st period - Shot Misses the Net.
13:11 of 1st period - Snap shot by Mike Brown.
13:11 of 1st period - Shot Misses the Net.
13:13 of 1st period - Slapshot by Nate Thompson.
13:13 of 1st period - Shot Blocked by Matt Smaby.
13:15 of 1st period - Slapshot by Nathan Oystrick.
13:15 of 1st period - Stopped by Josh Harding with a rebound.
14:25 of 1st period - Snap shot by Petr Pohl.
14:25 of 1st period - Shot Misses the Net.
14:27 of 1st period - Snap shot by Radek Bonk.
14:27 of 1st period - Stopped by Josh Harding without a rebound.
14:28 of 1st period - Nate Thompson wins face-off versus Petri Kontiola in Inferno zone.
15:56 of 1st period - Wrist shot by Petri Kontiola.
15:56 of 1st period - Deflect By Brad Marchand.
15:56 of 1st period - Stopped by Corey Crawford without a rebound.
15:57 of 1st period - Petri Kontiola wins face-off versus Radek Bonk in Tamiflu zone.
16:24 of 1st period - Jonathan Sigalet is hit by Branko Radivojevic and loses puck.
16:31 of 1st period - Snap shot by Mikhail Grabovski.
16:31 of 1st period - Shot Misses the Net.
16:33 of 1st period - Wrist shot by Mikhail Grabovski.
16:33 of 1st period - Goal by Mikhail Grabovski - Inferno : 1 - Tamiflu : 0.
16:34 of 1st period - Mikhail Grabovski wins face-off versus Mike Brown in neutral zone.
16:37 of 1st period - Snap shot by Mikhail Grabovski.
16:37 of 1st period - Shot Blocked by Nate Thompson.
16:39 of 1st period - Slapshot by Mikhail Grabovski.
16:39 of 1st period - Stopped by Corey Crawford with a rebound.
16:41 of 1st period - Snap shot by Mikhail Grabovski.
16:41 of 1st period - Shot Misses the Net.
16:43 of 1st period - Snap shot by Mikhail Grabovski.
16:43 of 1st period - Deflect By Branko Radivojevic.
16:43 of 1st period - Shot Blocked by Pavel Trnka.
16:43 of 1st period - Puck is out of play.
16:44 of 1st period - Jay Pandolfo wins face-off versus Nate Thompson in Tamiflu zone.
16:50 of 1st period - Minor Penalty to Mike Brown for Holding.
16:51 of 1st period - Radek Bonk wins face-off versus Mikhail Grabovski in Tamiflu zone.
17:14 of 1st period - Alex Picard is hit by Branko Radivojevic and loses puck.
18:45 of 1st period - Brad Marchand is hit by Nate Thompson and loses puck.
18:50 of 1st period - Penalty to Mike Brown is over, Mike Brown is back on ice.
19:14 of 1st period - Snap shot by Nate Thompson.
19:14 of 1st period - Shot Misses the Net.
19:22 of 1st period - Slapshot by Mike Brown.
19:22 of 1st period - Stopped by Josh Harding without a rebound.
19:23 of 1st period - Greg Mauldin wins face-off versus Brian Boyle in Inferno zone.
19:24 of 1st period - Snap shot by Pierre Dagenais.
19:24 of 1st period - Stopped by Josh Harding with a rebound.
19:48 of 1st period - Radek Bonk is hit by Vladimir Sobotka and loses puck.

2nd period


0:01 of 2nd period - Mikhail Grabovski wins face-off versus Mike Brown in neutral zone.
0:30 of 2nd period - Wrist shot by Pierre Dagenais.
0:30 of 2nd period - Deflect By Nick Spaling.
0:30 of 2nd period - Stopped by Josh Harding with a rebound.
0:34 of 2nd period - Snap shot by Greg Mauldin.
0:34 of 2nd period - Stopped by Josh Harding without a rebound.
0:35 of 2nd period - Radek Bonk wins face-off versus Stephane Veilleux in Inferno zone.
0:38 of 2nd period - Slapshot by Radek Bonk.
0:38 of 2nd period - Shot Misses the Net.
0:40 of 2nd period - Wrist shot by Radek Bonk.
0:40 of 2nd period - Stopped by Josh Harding with a rebound.
0:42 of 2nd period - Snap shot by Radek Bonk.
0:42 of 2nd period - Shot Misses the Net.
1:11 of 2nd period - Snap shot by Brian Boyle.
1:11 of 2nd period - Stopped by Corey Crawford without a rebound.
1:12 of 2nd period - Nate Thompson wins face-off versus Mikhail Grabovski in Tamiflu zone.
1:19 of 2nd period - Wrist shot by Alex Picard.
1:19 of 2nd period - Deflect By Mike Brown.
1:19 of 2nd period - Stopped by Josh Harding without a rebound.
1:20 of 2nd period - Mikhail Grabovski wins face-off versus Nate Thompson in Inferno zone.
1:29 of 2nd period - Snap shot by Branko Radivojevic.
1:29 of 2nd period - Stopped by Corey Crawford with a rebound.
1:31 of 2nd period - Snap shot by Mikhail Grabovski.
1:31 of 2nd period - Goal by Mikhail Grabovski - Inferno : 2 - Tamiflu : 0.
1:32 of 2nd period - Mikhail Grabovski wins face-off versus Nate Thompson in neutral zone.
1:43 of 2nd period - Wrist shot by Jay Pandolfo.
1:43 of 2nd period - Goal by Jay Pandolfo - Inferno : 3 - Tamiflu : 0.
1:44 of 2nd period - Mikhail Grabovski wins face-off versus Nate Thompson in neutral zone.
2:23 of 2nd period - Snap shot by Nate Thompson.
2:23 of 2nd period - Stopped by Josh Harding with a rebound.
2:25 of 2nd period - Slapshot by Pavel Trnka.
2:25 of 2nd period - Shot Misses the Net.
2:27 of 2nd period - Slapshot by Jonathan Sigalet.
2:27 of 2nd period - Deflect By Mike Brown.
2:27 of 2nd period - Shot Blocked by Andrej Sekera.
2:27 of 2nd period - Puck is out of play.
2:28 of 2nd period - Radek Bonk wins face-off versus Brian Boyle in Inferno zone.
2:35 of 2nd period - Snap shot by Jonathan Ferland.
2:35 of 2nd period - Shot Misses the Net.
2:39 of 2nd period - Snap shot by Brian Boyle.
2:39 of 2nd period - Shot Blocked by Radek Bonk.
2:41 of 2nd period - Slapshot by Andrej Sekera.
2:41 of 2nd period - Shot Blocked by Jordan Hendry.
2:43 of 2nd period - Slapshot by Brian Boyle.
2:43 of 2nd period - Inferno goal is going for a video replay.
2:43 of 2nd period - The goal is good.
2:43 of 2nd period - Goal by Brian Boyle - Inferno : 4 - Tamiflu : 0.
2:43 of 2nd period - Jussi Markkanen enters game.
2:44 of 2nd period - Nate Thompson wins face-off versus Mikhail Grabovski in neutral zone.
2:46 of 2nd period - Off-side.
2:47 of 2nd period - Mikhail Grabovski wins face-off versus Nate Thompson in neutral zone.
2:50 of 2nd period - Wrist shot by Branko Radivojevic.
2:50 of 2nd period - Shot Blocked by Nate Thompson.
3:02 of 2nd period - Snap shot by Nate Thompson.
3:02 of 2nd period - Shot Blocked by Jay Pandolfo.
3:14 of 2nd period - Snap shot by Jonathan Ferland.
3:14 of 2nd period - Shot Misses the Net.
3:20 of 2nd period - Slapshot by Jonathan Sigalet.
3:20 of 2nd period - Stopped by Josh Harding without a rebound.
3:21 of 2nd period - Brian Boyle wins face-off versus Mike Brown in Inferno zone.
3:26 of 2nd period - Wrist shot by Mike Brown.
3:26 of 2nd period - Deflect By Nate Thompson.
3:26 of 2nd period - Shot Misses the Net.
3:26 of 2nd period - Puck is out of play.
3:27 of 2nd period - Nate Thompson wins face-off versus Brian Boyle in Inferno zone.
3:43 of 2nd period - Snap shot by Stephane Veilleux.
3:43 of 2nd period - Goal by Stephane Veilleux - Inferno : 5 - Tamiflu : 0.
3:44 of 2nd period - Nate Thompson wins face-off versus Mikhail Grabovski in neutral zone.
3:49 of 2nd period - Jay Pandolfo is hit by Mike Brown and loses puck.
4:14 of 2nd period - Matt Smaby is hit by Radek Bonk and loses puck.
4:37 of 2nd period - Slapshot by Jonathan Ferland.
4:37 of 2nd period - Shot Misses the Net.
5:39 of 2nd period - Slapshot by Radek Bonk.
5:39 of 2nd period - Shot Blocked by Brad Marchand.
5:40 of 2nd period - Minor Penalty to Brad Marchand for Holding.
5:41 of 2nd period - Nate Thompson wins face-off versus Brian Boyle in Inferno zone.
5:44 of 2nd period - Wrist shot by Nate Thompson.
5:44 of 2nd period - Goal by Nate Thompson - Inferno : 5 - Tamiflu : 1.
5:45 of 2nd period - Mikhail Grabovski wins face-off versus Nate Thompson in neutral zone.
5:48 of 2nd period - Wrist shot by Jay Pandolfo.
5:48 of 2nd period - Shot Misses the Net.
6:07 of 2nd period - Minor Penalty to Petr Pohl for Hooking.
6:08 of 2nd period - Radek Bonk wins face-off versus Mikhail Grabovski in Tamiflu zone.
6:21 of 2nd period - Snap shot by Mikhail Grabovski.
6:21 of 2nd period - Deflect By Brad Marchand.
6:21 of 2nd period - Shot Misses the Net.
6:21 of 2nd period - Puck is out of play.
6:22 of 2nd period - Mikhail Grabovski wins face-off versus Radek Bonk in Tamiflu zone.
8:07 of 2nd period - Penalty to Petr Pohl is over, Petr Pohl is back on ice.
8:15 of 2nd period - Slapshot by Jonathan Sigalet.
8:15 of 2nd period - Shot Misses the Net.
8:17 of 2nd period - Snap shot by Jordan Hendry.
8:17 of 2nd period - Deflect By Jan Mursak.
8:17 of 2nd period - Shot Blocked by Andrej Sekera.
8:17 of 2nd period - Puck is out of play.
8:18 of 2nd period - Jan Mursak wins face-off versus Vladimir Sobotka in Inferno zone.
8:43 of 2nd period - Greg Mauldin is hit by Vladimir Zharkov and loses puck.
9:22 of 2nd period - Slapshot by Mikhail Grabovski.
9:22 of 2nd period - Deflect By Jay Pandolfo.
9:22 of 2nd period - Shot Blocked by Pavel Trnka.
9:22 of 2nd period - Puck is out of play.
9:23 of 2nd period - Nate Thompson wins face-off versus Mikhail Grabovski in Tamiflu zone.
10:05 of 2nd period - Minor Penalty to Derek Meech for Hooking.
10:06 of 2nd period - Brian Boyle wins face-off versus Nate Thompson in Inferno zone.
11:02 of 2nd period - Icing by Freddy Meyer.
11:03 of 2nd period - Brian Boyle wins face-off versus Radek Bonk in Tamiflu zone.
11:54 of 2nd period - Jonathan Sigalet is hit by Brendan Mikkelson and loses puck.
12:05 of 2nd period - Penalty to Derek Meech is over, Derek Meech is back on ice.
12:44 of 2nd period - Tyler Haskins is hit by Petri Kontiola and loses puck.
13:30 of 2nd period - Brendan Mikkelson is hit by Nate Thompson and loses puck.
14:14 of 2nd period - Slapshot by Matt Smaby.
14:14 of 2nd period - Stopped by Jussi Markkanen with a rebound.
14:16 of 2nd period - Slapshot by Andrej Sekera.
14:16 of 2nd period - Stopped by Jussi Markkanen with a rebound.
14:18 of 2nd period - Slapshot by Matt Kassian.
14:18 of 2nd period - Shot Blocked by Jonathan Sigalet.
14:20 of 2nd period - Wrist shot by Vladimir Sobotka.
14:20 of 2nd period - Goal by Vladimir Sobotka - Inferno : 6 - Tamiflu : 1.
14:21 of 2nd period - Mikhail Grabovski wins face-off versus Nate Thompson in neutral zone.
14:24 of 2nd period - Mike Brown is hit by Mikhail Grabovski and loses puck.
14:28 of 2nd period - Icing by Nathan Oystrick.
14:29 of 2nd period - Mikhail Grabovski wins face-off versus Nate Thompson in Tamiflu zone.
14:30 of 2nd period - Snap shot by Branko Radivojevic.
14:30 of 2nd period - Stopped by Jussi Markkanen without a rebound.
14:31 of 2nd period - Nate Thompson wins face-off versus Mikhail Grabovski in Tamiflu zone.
14:45 of 2nd period - Off-side.
14:46 of 2nd period - Brian Boyle wins face-off versus Radek Bonk in neutral zone.
14:49 of 2nd period - Jonathan Sigalet is hit by Jonathan Ferland and loses puck.
15:33 of 2nd period - Snap shot by Greg Mauldin.
15:33 of 2nd period - Goal by Greg Mauldin - Inferno : 6 - Tamiflu : 2.
15:34 of 2nd period - Nate Thompson wins face-off versus Mikhail Grabovski in neutral zone.
15:49 of 2nd period - Snap shot by Alex Picard.
15:49 of 2nd period - Shot Blocked by Derek Meech.
16:59 of 2nd period - Icing by Andrej Sekera.
17:00 of 2nd period - Tyler Haskins wins face-off versus Matt Kassian in Inferno zone.
17:11 of 2nd period - Wrist shot by Jani Rita.
17:11 of 2nd period - Shot Misses the Net.
17:13 of 2nd period - Slapshot by Jordan Hendry.
17:13 of 2nd period - Shot Misses the Net.
17:15 of 2nd period - Wrist shot by Jordan Hendry.
17:15 of 2nd period - Shot Blocked by Andrej Sekera.
17:31 of 2nd period - Wrist shot by Pierre Dagenais.
17:31 of 2nd period - Deflect By Nick Spaling.
17:31 of 2nd period - Stopped by Josh Harding with a rebound.
17:58 of 2nd period - Snap shot by Alex Berry.
17:58 of 2nd period - Shot Misses the Net.
18:00 of 2nd period - Wrist shot by Matt Kassian.
18:00 of 2nd period - Stopped by Jussi Markkanen without a rebound.
18:01 of 2nd period - Nate Thompson wins face-off versus Mikhail Grabovski in Tamiflu zone.
18:23 of 2nd period - Icing by Matt Smaby.
18:24 of 2nd period - Radek Bonk wins face-off versus Mikhail Grabovski in Inferno zone.
18:53 of 2nd period - Alex Picard is hit by Derek Meech and loses puck.
19:01 of 2nd period - Minor Penalty to Brian Boyle for Hooking.
19:02 of 2nd period - Branko Radivojevic wins face-off versus Nate Thompson in Inferno zone.
19:13 of 2nd period - Andrej Sekera is hit by Nate Thompson and loses puck.

3rd period


0:01 of 3rd period - Nate Thompson wins face-off versus Branko Radivojevic in neutral zone.
0:06 of 3rd period - Slapshot by Pavel Trnka.
0:06 of 3rd period - Shot Blocked by Matt Smaby.
0:08 of 3rd period - Wrist shot by Mike Brown.
0:08 of 3rd period - Stopped by Josh Harding without a rebound.
0:09 of 3rd period - Nate Thompson wins face-off versus Branko Radivojevic in Inferno zone.
0:22 of 3rd period - Wrist shot by Mike Brown.
0:22 of 3rd period - Shot Blocked by Matt Smaby.
0:24 of 3rd period - Slapshot by Pavel Trnka.
0:24 of 3rd period - Deflect By Alex Picard.
0:24 of 3rd period - Shot Blocked by Matt Smaby.
0:24 of 3rd period - Puck is out of play.
0:25 of 3rd period - Nate Thompson wins face-off versus Branko Radivojevic in Inferno zone.
0:38 of 3rd period - Snap shot by Alex Picard.
0:38 of 3rd period - Deflect By Mike Brown.
0:38 of 3rd period - Shot Misses the Net.
0:38 of 3rd period - Puck is out of play.
0:39 of 3rd period - Branko Radivojevic wins face-off versus Nate Thompson in Inferno zone.
0:48 of 3rd period - Snap shot by Branko Radivojevic.
0:48 of 3rd period - Stopped by Jussi Markkanen without a rebound.
0:49 of 3rd period - Nate Thompson wins face-off versus Branko Radivojevic in Tamiflu zone.
1:01 of 3rd period - Penalty to Brian Boyle is over, Brian Boyle is back on ice.
1:10 of 3rd period - Wrist shot by Nate Thompson.
1:10 of 3rd period - Stopped by Josh Harding with a rebound.
1:23 of 3rd period - Icing by Jay Pandolfo.
1:24 of 3rd period - Radek Bonk wins face-off versus Branko Radivojevic in Inferno zone.
1:25 of 3rd period - Wrist shot by Petr Pohl.
1:25 of 3rd period - Deflect By Matt Smaby.
1:25 of 3rd period - Shot Blocked by Matt Smaby.
1:25 of 3rd period - Puck is out of play.
1:26 of 3rd period - Radek Bonk wins face-off versus Brian Boyle in Inferno zone.
1:51 of 3rd period - Andrej Sekera is hit by Alex Picard.
1:57 of 3rd period - Slapshot by Pavel Trnka.
1:57 of 3rd period - Deflect By Nate Thompson.
1:57 of 3rd period - Stopped by Josh Harding with a rebound.
2:17 of 3rd period - Mikhail Grabovski is hit by Jonathan Sigalet and loses puck.
3:04 of 3rd period - Wrist shot by Brian Boyle.
3:04 of 3rd period - Stopped by Jussi Markkanen with a rebound.
3:22 of 3rd period - Snap shot by Mike Brown.
3:22 of 3rd period - Stopped by Josh Harding without a rebound.
3:23 of 3rd period - Nate Thompson wins face-off versus Branko Radivojevic in Inferno zone.
3:26 of 3rd period - Snap shot by Nate Thompson.
3:26 of 3rd period - Stopped by Josh Harding without a rebound.
3:27 of 3rd period - Mikhail Grabovski wins face-off versus Nate Thompson in Inferno zone.
3:42 of 3rd period - Snap shot by Mikhail Grabovski.
3:42 of 3rd period - Shot Blocked by Mike Brown.
3:52 of 3rd period - Slapshot by Petr Pohl.
3:52 of 3rd period - Shot Misses the Net.
4:02 of 3rd period - Slapshot by Jani Rita.
4:02 of 3rd period - Shot Misses the Net.
4:16 of 3rd period - Wrist shot by Brad Marchand.
4:16 of 3rd period - Shot Blocked by Greg Mauldin.
4:18 of 3rd period - Slapshot by Matt Smaby.
4:18 of 3rd period - Stopped by Jussi Markkanen with a rebound.
4:20 of 3rd period - Wrist shot by Petri Kontiola.
4:20 of 3rd period - Stopped by Jussi Markkanen without a rebound.
4:21 of 3rd period - Nate Thompson wins face-off versus Mikhail Grabovski in Tamiflu zone.
4:21 of 3rd period - Nate Thompson is hit by Andrej Sekera.
4:27 of 3rd period - Jay Pandolfo is hit by Mike Brown and loses puck.
4:32 of 3rd period - Snap shot by Nate Thompson.
4:32 of 3rd period - Stopped by Josh Harding with a rebound.
4:34 of 3rd period - Snap shot by Mike Brown.
4:34 of 3rd period - Shot Blocked by Mikhail Grabovski.
4:36 of 3rd period - Snap shot by Mike Brown.
4:36 of 3rd period - Stopped by Josh Harding with a rebound.
4:46 of 3rd period - Radek Bonk is hit by Jonathan Ferland.
4:50 of 3rd period - Wrist shot by Stephane Veilleux.
4:50 of 3rd period - Shot Blocked by Pavel Trnka.
4:56 of 3rd period - Wrist shot by Radek Bonk.
4:56 of 3rd period - Stopped by Josh Harding with a rebound.
5:03 of 3rd period - Icing by Brendan Mikkelson.
5:04 of 3rd period - Petri Kontiola wins face-off versus Pierre Dagenais in Inferno zone.
5:34 of 3rd period - Icing by Brendan Mikkelson.
5:35 of 3rd period - Mikhail Grabovski wins face-off versus Nate Thompson in Inferno zone.
5:40 of 3rd period - Slapshot by Mikhail Grabovski.
5:40 of 3rd period - Shot Blocked by Jonathan Sigalet.
5:42 of 3rd period - Slapshot by Mikhail Grabovski.
5:42 of 3rd period - Deflect By Branko Radivojevic.
5:42 of 3rd period - Stopped by Jussi Markkanen with a rebound.
6:08 of 3rd period - Backhand shot by Stephane Veilleux.
6:08 of 3rd period - Shot Misses the Net.
6:10 of 3rd period - Snap shot by Jonathan Ferland.
6:10 of 3rd period - Shot Blocked by Petr Pohl.
6:22 of 3rd period - Wrist shot by Pierre Dagenais.
6:22 of 3rd period - Stopped by Josh Harding without a rebound.
6:23 of 3rd period - Greg Mauldin wins face-off versus Petri Kontiola in Inferno zone.
6:32 of 3rd period - Brad Marchand is hit by Freddy Meyer and loses puck.
7:49 of 3rd period - Jordan Hendry is hit by Petri Kontiola.
7:53 of 3rd period - Slapshot by Freddy Meyer.
7:53 of 3rd period - Shot Misses the Net.
7:55 of 3rd period - Slapshot by Freddy Meyer.
7:55 of 3rd period - Stopped by Josh Harding with a rebound.
7:57 of 3rd period - Wrist shot by Pierre Dagenais.
7:57 of 3rd period - Deflect By Nick Spaling.
7:57 of 3rd period - Stopped by Josh Harding without a rebound.
7:58 of 3rd period - Jay Pandolfo wins face-off versus Nate Thompson in Inferno zone.
8:00 of 3rd period - Pavel Trnka beats up Branko Radivojevic.
8:00 of 3rd period - Penalty to Pavel Trnka for Fighting.
8:00 of 3rd period - Penalty to Branko Radivojevic for Fighting.
8:01 of 3rd period - Mikhail Grabovski wins face-off versus Nate Thompson in neutral zone.
8:15 of 3rd period - Wrist shot by Nate Thompson.
8:15 of 3rd period - Shot Misses the Net.
8:38 of 3rd period - Wrist shot by Petr Pohl.
8:38 of 3rd period - Stopped by Josh Harding without a rebound.
8:39 of 3rd period - Brian Boyle wins face-off versus Petr Pohl in Inferno zone.
8:39 of 3rd period - Brian Boyle is hit by Jani Rita.
9:25 of 3rd period - Mike Brown is hit by Andrej Sekera and loses puck.
10:26 of 3rd period - Slapshot by Jani Rita.
10:26 of 3rd period - Shot Blocked by Matt Kassian.
10:28 of 3rd period - Backhand shot by Jonathan Sigalet.
10:28 of 3rd period - Stopped by Josh Harding with a rebound.
10:30 of 3rd period - Slapshot by Jonathan Sigalet.
10:30 of 3rd period - Shot Misses the Net.
10:32 of 3rd period - Wrist shot by Mike Brown.
10:32 of 3rd period - Shot Misses the Net.
11:32 of 3rd period - Minor Penalty to Kyle Lawson for High sticking.
11:33 of 3rd period - Radek Bonk wins face-off versus Mikhail Grabovski in Tamiflu zone.
11:47 of 3rd period - Slapshot by Matt Smaby.
11:47 of 3rd period - Shot Misses the Net.
12:07 of 3rd period - Backhand shot by Matt Smaby.
12:07 of 3rd period - Stopped by Jussi Markkanen with a rebound.
12:18 of 3rd period - Icing by Brendan Smith.
12:19 of 3rd period - Nate Thompson wins face-off versus Mikhail Grabovski in Inferno zone.
12:50 of 3rd period - Wrist shot by Brian Boyle.
12:50 of 3rd period - Stopped by Jussi Markkanen with a rebound.
13:00 of 3rd period - Penalty to Pavel Trnka is over, Pavel Trnka is back on ice.
13:00 of 3rd period - Brian Boyle is hit by Carson Mcmillan and loses puck.
13:15 of 3rd period - Wrist shot by Brian Boyle.
13:15 of 3rd period - Shot Blocked by Nate Thompson.
13:31 of 3rd period - Slapshot by Andrej Sekera.
13:31 of 3rd period - Goal by Andrej Sekera - Inferno : 7 - Tamiflu : 2.
13:32 of 3rd period - Petri Kontiola wins face-off versus Radek Bonk in neutral zone.
13:43 of 3rd period - Off-side.
13:44 of 3rd period - Nate Thompson wins face-off versus Mikhail Grabovski in neutral zone.
14:20 of 3rd period - Snap shot by Pierre Dagenais.
14:20 of 3rd period - Stopped by Josh Harding without a rebound.
14:21 of 3rd period - Brian Boyle wins face-off versus Radek Bonk in Inferno zone.
14:21 of 3rd period - Brian Boyle is hit by Jani Rita.
14:27 of 3rd period - Wrist shot by Radek Bonk.
14:27 of 3rd period - Stopped by Josh Harding with a rebound.
14:33 of 3rd period - Snap shot by Andrej Sekera.
14:33 of 3rd period - Shot Misses the Net.
14:54 of 3rd period - Wrist shot by Mike Brown.
14:54 of 3rd period - Shot Blocked by Matt Carkner.
14:56 of 3rd period - Slapshot by Nathan Oystrick.
14:56 of 3rd period - Stopped by Josh Harding with a rebound.
15:41 of 3rd period - Slapshot by Matt Smaby.
15:41 of 3rd period - Shot Misses the Net.
16:06 of 3rd period - Slapshot by Jani Rita.
16:06 of 3rd period - Stopped by Josh Harding with a rebound.
16:16 of 3rd period - Snap shot by Nate Thompson.
16:16 of 3rd period - Stopped by Josh Harding without a rebound.
16:17 of 3rd period - Petri Kontiola wins face-off versus Nate Thompson in Inferno zone.
16:17 of 3rd period - Petri Kontiola is hit by Nathan Oystrick.
16:27 of 3rd period - Slapshot by Brad Marchand.
16:27 of 3rd period - Shot Misses the Net.
16:28 of 3rd period - Minor Penalty to Nate Thompson for Hooking.
16:29 of 3rd period - Mikhail Grabovski wins face-off versus Radek Bonk in Tamiflu zone.
18:28 of 3rd period - Penalty to Nate Thompson is over, Nate Thompson is back on ice.
18:33 of 3rd period - Pavel Trnka is hit by Alex Berry and loses puck.
19:02 of 3rd period - Slapshot by Greg Mauldin.
19:02 of 3rd period - Shot Misses the Net.
19:38 of 3rd period - Vladimir Zharkov is hit by Jan Mursak and loses puck.
19:43 of 3rd period - Slapshot by Jordan Hendry.
19:43 of 3rd period - Shot Misses the Net.


Output by the SimonT Hockey Simulator (STHS) for François Prévost -- Original Page W3C XHTML 1.0 Valid
Hockey Simulator - Hockey Simulation - Hockey Manager